 Dungeon Crawl Stone Soup version 0.14.0-24-gfb45beb (webtiles) character file.

9092 4tharraofdagon the Arsonist (level 11, -11/54 HPs)
             Began as a Deep Elf Fire Elementalist on Apr 24, 2014.
             Was a Priest of Vehumet.
             Killed from afar by Erica (29 damage)
             ... with a bolt of poison
             ... on Level 2 of the Lair of Beasts.
             The game lasted 00:30:57 (3634 turns).

4tharraofdagon the Arsonist (DEFE)                  Turns: 3634, Time: 00:30:57

HP -11/54        AC  4     Str  5      XL: 11   Next: 17%
MP  29/32        EV 12     Int 27      God: Vehumet [***...]
Gold 116         SH 10     Dex 15      Spells:  4 memorised, 17 levels left

rFire  + + .     SeeInvis .     m - +5,+9 mace of Noikhuel {venom, +Blink rF+ rC+}
rCold  . . .     Clarity  .     a - +0 robe
rNeg   . . .     Conserve .     L - +0 buckler
rPois  .         rCorr    .     (no helmet)
rElec  .         rRot     .     i - +0 cloak
SustAb . .       Spirit   .     d - +0 pair of gloves
rMut   .         Warding  .     (no boots)
Saprov . . .     Stasis   .     B - amulet of rage
MR     +....                    x - ring of fire
                                f - cursed +3 ring of intelligence

@: lethally poisoned, somewhat resistant to hostile enchantments, fairly
stealthy
A: no striking features
a: Renounce Religion, Evoke Blink, Evoke Berserk Rage


You were on level 2 of the Lair of Beasts.
You worshipped Vehumet.
Vehumet was most pleased with you.
You were full.

You visited 3 branches of the dungeon, and saw 14 of its levels.

You collected 548 gold pieces.
You spent 432 gold pieces at shops.

Inventory:

Hand weapons
 m - the +5,+9 mace of Noikhuel (weapon) {venom, +Blink rF+ rC+}
   (You found it on level 5 of the Dungeon)

   It poisons the flesh of those it strikes.
   It protects you from fire.
   It protects you from cold.
   It lets you blink.
 E - a +2 blowgun
Missiles
 e - 21 darts (quivered)
 n - 5 curare-tipped needles
 v - a throwing net
Armour
 a - a +0 robe (worn)
 d - a +0 pair of gloves (worn)
 i - a +0 cloak (worn)
 L - a +0 buckler (worn)
Magical devices
 p - a wand of draining (4)
 t - a wand of digging (8)
 J - a wand of heal wounds (6)
 K - a wand of draining (4)
Comestibles
 c - 4 bread rations
 k - 5 meat rations
 H - 8 pears
 I - 6 cheeses
Scrolls
 g - a scroll of enchant armour
 q - a scroll of noise
 r - 2 scrolls of fear
 w - 6 scrolls of remove curse
 C - 2 scrolls of teleportation
 D - 2 scrolls of magic mapping
Jewellery
 f - a cursed +3 ring of intelligence (left hand)
 o - an uncursed ring of see invisible {unknown}
 x - a ring of fire (right hand)
 y - an uncursed amulet of inaccuracy
 B - an amulet of rage (around neck)
 G - an uncursed ring of poison resistance
Potions
 h - 2 potions of invisibility {unknown}
 j - a potion of magic
 l - 2 potions of curing
 s - a potion of brilliance
 u - a potion of restore abilities
 A - a potion of berserk rage
 F - a potion of heal wounds
Books
 b - a book of Flames

   Spells                             Type                      Level
   *Flame Tongue                      Conjuration/Fire             1
   Throw Flame                        Conjuration/Fire             2
   *Conjure Flame                     Conjuration/Fire             3
   Inner Flame                        Hexes/Fire                   3
   *Sticky Flame                      Conjuration/Fire             4
   *Fireball                          Conjuration/Fire             5
Miscellaneous
 z - a plain deck of war


   Skills:
 - Level 2.4 Dodging
 - Level 2.4 Stealth
 * Level 3.7 Shields
 + Level 10.2 Spellcasting
 * Level 11.5 Conjurations
 * Level 11.9 Fire Magic


You had 17 spell levels left.
You knew the following spells:

 Your Spells              Type           Power        Failure   Level  Hunger
a - Flame Tongue          Conj/Fire      #####        1%          1    None
b - Conjure Flame         Conj/Fire      #######.     1%          3    None
c - Sticky Flame          Conj/Fire      #######.     1%          4    None
d - Fireball              Conj/Fire      #######...   1%          5    ###....


Dungeon Overview and Level Annotations

Branches:
Dungeon (11/15)            Temple (1/1) D:5             Orc (0/4) D:9
   Lair (2/8) D:11

Altars:
Cheibriados
Elyvilon
Makhleb
Trog
Vehumet
Beogh

Shops:
D:4 [   D:8 [   D:10 =

Portals:
Trove: D:11 (give +5,+6 demon trident)

Annotations:
Lair:2 Erica


Message History

The giant slug is almost dead.
The giant slug burns!
You kill the giant slug!
Vehumet accepts your kill.
You feel your power returning.
Unknown command.
You see here a giant slug corpse.
Your shield prevents you from hitting the rat.
The rat bites you.
You sock the rat!
You kill the rat!
Vehumet accepts your kill.
Erica comes into view.
She is wielding a scimitar of flaming.
Erica shouts!
Erica zaps a wand.
The puff of frost hits you!
Erica points at you and mumbles some strange words.
The bolt of poison hits you!
You are poisoned.
Ouch! That really hurt!
You die...

#### #.. .. #.. ...f#
#.. #...# ..###... ###
#### ...##..#
#.##.P.##.# #..##..#####
#..@......#
#..#...##..###...##.####
..##.....##....f#.#
.#......%.ยง....##@#
.P.##...##.#..P# .#
........####......#
###..#.## ##f#####
####.# ### ###


You could see Erica.

Vanquished Creatures
  2 hydras
  3 hill giants
  A fire drake (D:11)
  A komodo dragon (Lair:1)
  A wyvern (D:9)
  10 yaks
  A hungry ghost (D:9)
  A hippogriff (Lair:1)
  A hill giant skeleton (D:9)
  A necrophage (D:6)
  A porcupine (Lair:1)
  5 orc warriors (D:9)
  A black bear (D:6)
  An ice beast (D:7)
  3 centaurs
  2 phantoms
  4 ogres
  2 giant slugs
  3 giant frogs
  5 big kobolds
  A gnoll sergeant (D:9)
  A scorpion (D:5)
  6 killer bees (D:8)
  A hippogriff skeleton (D:10)
  A crimson imp (D:8)
  A giant frog zombie (D:6)
  2 gnoll shamans (D:9)
  2 jellies
  6 hounds
  Crazy Yiuf (D:2)
  3 iguanas
  2 orc wizards
  3 orc priests
  5 worker ants
  2 sheep (D:8)
  A hound zombie (D:6)
  2 hound skeletons
  A mummy (D:10)
  10 gnolls (D:9)
  11 adders
  A worker ant zombie (D:7)
  An orc skeleton (D:9)
  3 shadow imps
  8 green rats (Lair:1)
  An inept feature mimic (D:6)
  A worm (D:5)
  An adder zombie (D:8)
  3 giant geckos
  18 orcs
  8 bats
  2 bat skeletons
  2 giant cockroaches
  7 goblins
  14 hobgoblins
  7 jackals
  24 kobolds
  2 quokkas
  A giant gecko zombie (D:8)
  3 giant newts
  7 rats
  A rat skeleton (D:7)
226 creatures vanquished.

Notes
Turn   | Place    | Note
--------------------------------------------------------------
     0 | D:1      | 4tharraofdagon, the Deep Elf Fire Elementalist, began the quest for the Orb.
     0 | D:1      | Reached XP level 1. HP: 10/10 MP: 5/5
   140 | D:1      | Reached XP level 2. HP: 12/15 MP: 3/8
   208 | D:2      | Noticed Crazy Yiuf
   217 | D:2      | Killed Crazy Yiuf
   217 | D:2      | Reached XP level 3. HP: 7/19 MP: 1/11
   244 | D:2      | Learned a level 3 spell: Conjure Flame
   246 | D:2      | Reached skill level 4 in Fire Magic
   380 | D:3      | Reached XP level 4. HP: 11/24 MP: 7/14
   433 | D:5      | Entered Level 5 of the Dungeon
   443 | D:5      | HP: 1/24 [something (7)]
   461 | D:5      | Learned a level 4 spell: Sticky Flame
   477 | D:5      | Noticed an ogre
   489 | D:5      | Killed an ogre
   489 | D:5      | Reached XP level 5. HP: 28/28 MP: 7/18
   491 | D:5      | Reached skill level 5 in Fire Magic
   506 | D:5      | Got an ichor-stained mace
   510 | D:5      | Identified the +5,+9 mace of Noikhuel {venom, +Blink rF+ rC+} (You found it on level 5 of the Dungeon)
   567 | D:5      | Learned a level 5 spell: Fireball
   567 | D:5      | Noticed a giant frog
   587 | D:5      | Noticed a hill giant
   592 | D:5      | Noticed a centaur
   612 | D:5      | Reached XP level 6. HP: 24/32 MP: 13/20
   744 | D:5      | Killed a hill giant
   744 | D:5      | Reached skill level 5 in Spellcasting
   744 | D:5      | Reached skill level 5 in Conjurations
   744 | D:5      | Reached skill level 6 in Fire Magic
   744 | D:5      | Reached XP level 7. HP: 20/36 MP: 6/23
   757 | D:5      | Killed a centaur
   832 | D:5      | Killed a giant frog
   839 | D:5      | Reached skill level 7 in Fire Magic
   932 | D:6      | Reached XP level 8. HP: 19/41 MP: 13/25
  1474 | D:6      | Reached skill level 8 in Fire Magic
  1567 | D:5      | Noticed a phantom
  1583 | D:5      | Killed a phantom
  1616 | D:5      | Found a staircase to the Ecumenical Temple.
  1630 | Temple   | Entered the Ecumenical Temple
  1654 | Temple   | Became a worshipper of Vehumet
  1733 | D:4      | Found Bruphast's Armour Emporium.
  1736 | D:4      | :(
  1806 | D:8      | Reached XP level 9. HP: 41/45 MP: 17/28
  1908 | D:8      | Found Waleir's Antique Armour Shoppe.
  1914 | D:8      | :(
  2035 | D:8      | Acquired Vehumet's first power
  2035 | D:8      | Offered knowledge of Magic Dart by Vehumet.
  2035 | D:8      | Reached skill level 9 in Fire Magic
  2098 | D:8      | Noticed a two-headed hydra
  2109 | D:8      | HP: 2/45 [two-headed hydra (14)]
  2110 | D:8      | Killed a two-headed hydra
  2110 | D:8      | Reached skill level 10 in Fire Magic
  2299 | D:9      | Reached skill level 10 in Conjurations
  2381 | D:9      | Reached XP level 10. HP: 8/50 MP: 2/30
  2406 | D:10     | Entered Level 10 of the Dungeon
  2516 | D:9      | Offered knowledge of Sandblast by Vehumet.
  2879 | D:9      | Offered knowledge of Mephitic Cloud by Vehumet.
  2881 | D:9      | Reached skill level 11 in Fire Magic
  2883 | D:9      | Found a staircase to the Orcish Mines.
  2885 | D:9      | Reached skill level 1 in Shields
  3035 | D:10     | Found Ohequrchit's Jewellery Boutique.
  3037 | D:10     | Acquired Vehumet's second power
  3046 | D:10     | Bought an uncursed ring of fire for 400 gold pieces
  3046 | D:10     | Bought an uncursed amulet of inaccuracy for 32 gold pieces
  3078 | D:9      | Found a roughly hewn altar of Beogh.
  3155 | D:10     | Noticed a hill giant
  3169 | D:10     | Killed a hill giant
  3304 | D:11     | Offered knowledge of Static Discharge by Vehumet.
  3308 | D:11     | Noticed an eight-headed hydra
  3313 | D:11     | Noticed a hill giant
  3318 | D:11     | Killed an eight-headed hydra
  3318 | D:11     | Reached skill level 10 in Spellcasting
  3334 | D:11     | Killed a hill giant
  3334 | D:11     | Reached XP level 11. HP: 54/54 MP: 25/32
  3366 | D:11     | Found a portal to a secret trove of treasure.
  3387 | D:11     | Found a staircase to the Lair.
  3401 | Lair:1   | Entered Level 1 of the Lair of Beasts
  3633 | Lair:2   | Noticed Erica
  3634 | Lair:2   | Killed from afar by Erica

Action                   |  1- 3 |  4- 6 |  7- 9 | 10-12 || total
-------------------------+-------+-------+-------+-------++-------
Melee: Unarmed           |     8 |       |       |       ||     8
       Quarterstaff      |     3 |     5 |       |       ||     8
       Mace              |       |    25 |    83 |    62 ||   170
 Cast: Flame Tongue      |    30 |    19 |    44 |    32 ||   125
       Conjure Flame     |     1 |     7 |     7 |    10 ||    25
       Sticky Flame      |       |     1 |    18 |    21 ||    40
       Fireball          |       |       |    22 |    29 ||    51
Evoke: Wand              |       |       |     3 |     5 ||     8
  Use: Potion            |     1 |     1 |     3 |     2 ||     7
       Scroll            |       |     2 |     3 |    10 ||    15
 Stab: Sleeping          |       |     1 |     3 |       ||     4
